AoeStats
← [GDL] Maldito Pantoja

Arena

506528085Analyzed
4v4 RM · 19d ago on Sep 13, 2026· 47m 52s· 8 players
Game mode
Random Map
Map size
Large (8 player)
Population
200
Speed
Normal
Resources
Standard
Victory
Conquest
Starting age
Dark Age
Ending age
Imperial Age
RankedLock teamsTeams togetherTeam positionsShared explorationLock speedFull tech treeHidden civsTurbo modeCheats
Victory
Defeat
🇫🇷 Franks · France
1394
+12
🇫🇷 Poles · France
1375
+12
🇨🇭 Cumans · Switzerland
1241
+18
🇫🇷 Mongols · France
1217
+19
🇨🇳 Celts · China
1317
-16
🇮🇳 Bengalis · India
1296
-16
🇲🇽 Khmer · Mexico
1284
-15
🇲🇽 Shu · Mexico
1255
-14
[GDL] Maldito Pantoja
13:35 Feudal Age
16:22 Castle Age
14:15 Gold Mining
14:11 Double-Bit Axe
14:08 Horse Collar
16:42 Loom
18:17 Bow Saw
19:56 Heavy Plow
20:33 Gold Shaft Mining
26:00 Wheelbarrow
28:46 Forging
28:27 Fletching
28:35 Stone Mining
29:31 Bloodlines
29:21 Husbandry
29:50 Padded Archer Armor
33:00 Imperial Age
31:50 Iron Casting
31:29 Scale Barding Armor
32:31 Chain Barding Armor
34:03 Conscription
34:19 Plate Barding Armor
33:38 Guard Tower
34:57 Chemistry
35:06 Bodkin Arrow
38:15 Double Crossbow
39:18 Light Cavalry
43:04 Hand Cart
42:35 Town Watch
Genghis huns
10:30 Feudal Age
15:04 Castle Age
16:46 Double-Bit Axe
19:20 Loom
23:20 Wheelbarrow
22:56 Town Watch
25:45 Bow Saw
25:20 Horse Collar
32:19 Imperial Age
30:03 Heavy Plow
29:57 Gold Mining
31:10 Hand Cart
31:01 Fletching
31:44 Ballistics
31:55 Bodkin Arrow
34:09 Chemistry
32:54 Elite Elephant Archer
33:54 Bracer
34:32 Bloodlines
34:23 Husbandry
34:49 Padded Archer Armor
35:06 Masonry
35:45 Leather Archer Armor
36:43 Paiks
38:27 Ring Archer Armor
42:00 Mahayana
42:01 Conscription
MZTK l black goku
8:39 Loom
10:59 Feudal Age
15:05 Castle Age
14:32 Double-Bit Axe
24:22 Horse Collar
29:14 Heavy Plow
31:33 Fortified Wall
32:44 Bow Saw
33:33 Stone Mining
野象
10:34 Feudal Age
12:23 Loom
12:22 Horse Collar
12:28 Double-Bit Axe
19:23 Castle Age
20:34 Bow Saw
23:04 Heavy Plow
24:56 Gold Mining
30:06 Gold Shaft Mining
33:43 Imperial Age
31:44 Pikeman
34:37 Wheelbarrow
33:48 Town Watch
33:56 Halberdier
35:14 Capped Ram
37:14 Siege Ram
39:38 Scale Mail Armor
39:48 Forging
40:35 Chain Mail Armor
40:40 Furor Celtica
42:59 Conscription
44:44 Plate Mail Armor
44:50 Iron Casting
48:35 Blast Furnace
AGS.Pymp K-T
10:35 Feudal Age
14:18 Castle Age
12:57 Double-Bit Axe
13:06 Horse Collar
16:12 Bow Saw
21:46 Stone Mining
24:28 Wheelbarrow
25:43 Town Watch
26:14 Hand Cart
26:03 Heavy Plow
26:14 Bow Saw
27:04 Gold Mining
27:40 Stone Mining
31:52 Imperial Age
29:12 Loom
30:18 Gold Shaft Mining
30:55 Fletching
32:04 Onager
32:13 Onager
32:26 Capped Ram
33:32 Siege Onager
34:01 Siege Ram
35:13 Siege Engineers
36:08 Stone Shaft Mining
35:24 Siege Onager
36:40 Bodkin Arrow
36:45 Padded Archer Armor
37:51 Drill
38:54 Chemistry
39:15 Bracer
39:31 Leather Archer Armor
39:17 Elite Mangudai
41:49 Scale Barding Armor
41:55 Forging
45:44 Bloodlines
45:34 Husbandry
45:41 Thumb Ring
46:02 Parthian Tactics
46:04 Chain Barding Armor
46:19 Iron Casting
45:14 Light Cavalry
48:29 Caravan
AGS.Grimnel
9:09 Feudal Age
10:00 Double-Bit Axe
10:38 Horse Collar
17:42 Wheelbarrow
21:24 Castle Age
19:17 Gold Mining
20:12 Loom
20:14 Town Watch
20:55 Scale Barding Armor
21:01 Forging
22:19 Bloodlines
23:02 Bloodlines
23:23 Bow Saw
24:23 Chain Barding Armor
24:21 Heavy Plow
28:57 Imperial Age
26:41 Bloodlines
27:24 Chain Barding Armor
27:47 Hand Cart
29:08 Iron Casting
29:45 Gold Shaft Mining
31:10 Plate Barding Armor
31:43 Blast Furnace
30:13 Cavalier
31:11 Stone Mining
32:26 Two-Man Saw
31:58 Crop Rotation
34:28 Paladin
35:18 Light Cavalry
37:18 Conscription
40:29 Fletching
40:39 Scale Mail Armor
40:06 Hussar
41:20 Bodkin Arrow
41:28 Caravan
43:34 Padded Archer Armor
44:59 Leather Archer Armor
44:59 Chain Mail Armor
45:18 Chain Mail Armor
47:42 Plate Mail Armor
47:42 Ring Archer Armor
48:10 Fervor
48:20 Sanctity
AGS.Sylvatica
10:16 Feudal Age
14:04 Castle Age
12:03 Double-Bit Axe
15:25 Wheelbarrow
24:48 Loom
24:48 Town Watch
25:36 Bow Saw
25:51 Husbandry
26:38 Hand Cart
27:40 Scale Barding Armor
28:54 Chain Barding Armor
31:11 Imperial Age
29:00 Gold Mining
29:02 Stone Mining
29:20 Husbandry
29:31 Forging
31:35 Coinage
32:04 Iron Casting
32:49 Plate Barding Armor
31:41 Cavalier
33:25 Paladin
35:41 Blast Furnace
37:35 Scale Mail Armor
38:44 Chemistry
39:54 Gold Shaft Mining
39:34 Fletching
40:12 Caravan
41:53 Siege Engineers
46:58 Masonry
47:09 Ballistics
AGS.Shirar
5:07 Loom
8:40 Feudal Age
9:16 Double-Bit Axe
10:49 Fletching
12:52 Horse Collar
21:54 Castle Age
28:29 Bow Saw
28:44 Heavy Plow
30:56 Wheelbarrow
30:10 Town Watch
34:03 Imperial Age
31:53 Bodkin Arrow
32:05 Crossbowman
33:10 Padded Archer Armor
33:36 Ballistics
33:28 Masonry
33:51 Thumb Ring
34:51 Bracer
35:58 Chemistry
35:31 Arbalester
36:54 Leather Archer Armor
37:02 Siege Engineers
38:30 Elite Skirmisher
47:11 Caravan
Connection lost

Rejoining the realm…

Still unreachable

The connection could not be restored.

Session expired

The server has moved on; the page needs a fresh start.